Unix NetHack Version 5.0.0-0 post-release - last build May 31 2026 23:59:36 (970b52f25bf058293b47ddfd14a1e40e571c508c,branch:main).

Game began 2026-06-09 13:26:30, ended 2026-06-09 13:40:35.

GdeVolpiano, neutral female human Tourist

                                                            ----        ----
                                    ----                   --..|    --  |..|
                                     ...---              ---...--   .|  -..--
                                     -....|             --......---..-- ....|
                                      -...|            --)............|  ...-
                                       -..-------  -----.--..........--  ....
                                       -.|..|.|.----.....||.......-------..0
                                       ..|.))..).........|---.>...|  --.|..-
                 ---              -----.----..---......---  --....|  |...[.|
                 |.               |.....|---..| --.....|     |....-- |....--
    -- --------  |.--             |.....--....-- ----..--    |..|..---.%?<|
    |......@hd----..--         .---............|    |...--   ------)......--
    |.. -----..||....|       ---....--.--.....--    --...-----    --.......---
    --      --.-|....|    ----.|........---..------- |-....|.--    -.........|
             |..|....---  |.........---............| |........|   |..........|
             --........----.---.|..-- ------...--..| --......--   |.........--
              ----..........| |.----       |..------  ---.....|   --.......--
                 -----....--- |..          ----         |.....|    --......|
                     --....|  --.                       |...---     ---...--
                      ---.--                            -----         --.--
                        ---                                            ---
GdeVolpiano the Sightseer   St:11 Dx:14 Co:13 In:13 Wi:9 Ch:16  Neutral
Dlvl:4  $:451 HP:0(35) Pw:20(20) AC:2  Xp:4 T:1685  Hungry   Burdened

Latest messages:
 What do you want to wear? [PV or ?*]
 You are now wearing a hooded cloak.
 You have a little trouble lifting a - 5 +2 darts (at the ready) (27 in total).
 You see here an axe.
 What do you want to wield? [- aR or ?*]
 R - a broad short sword (weapon in right hand).
 Winston picks up a dagger.
 You swap places with Winston.
 Where do you want to travel to?
 (For instructions type a '?')
 Winston drops a dagger.
 You swap places with Winston.
 You can't go up here.
 Where do you want to travel to?
 (For instructions type a '?')
 You swap places with Winston.
 You are carrying too much to get through.
 You see here a dagger.
 You are beginning to feel hungry.
 What do you want to eat? [ceKQ or ?*]
 This fortune cookie is terrible!
 This cookie has a scrap of paper inside.
 It reads:
 The meek shall inherit your bones files.
 You are beginning to feel hungry.
 Winston bites the bugbear.
 The bugbear misses Winston.
 You hear some noises in the distance.
 The bugbear hits!
 You miss the bugbear.
 The bugbear hits!
 In what direction?
 The dart hits the bugbear.
 The bugbear misses!
 In what direction?
 The dart hits the bugbear.
 The bugbear misses!
 The bugbear hits!
 You miss the bugbear.
 The bugbear misses!
 You miss the bugbear.
 The bugbear misses!
 You miss the bugbear.
 The bugbear hits!
 The bugbear hits!
 You miss the bugbear.
 The bugbear hits!
 You die...
 Do you want your possessions identified? [ynq] (y)
 Do you want to see your attributes? [ynq] (y)

Inventory:
 Coins    ('$')
  $ - 451 gold pieces
 Amulets  ('"')
  H - a blessed amulet of guarding (being worn)
 Weapons  (')')
  a - 25 +2 darts (at the ready)
  R - a +0 dwarvish short sword (weapon in right hand)
 Armor    ('[')
  S - a blessed +0 dwarvish iron helm (being worn)
  n - an uncursed +0 orcish helm
  T - an uncursed +0 pair of iron shoes (being worn)
  U - an uncursed +0 dwarvish roundshield (being worn)
  V - an uncursed +0 dwarvish cloak (being worn)
  P - an uncursed +0 Hawaiian shirt with a bird of paradise motif
 Comestibles  ('%')
  c - 10 uncursed food rations
  e - an uncursed fortune cookie
  Q - an uncursed tripe ration
 Scrolls  ('?')
  M - an uncursed scroll of amnesia
  A - an uncursed scroll of confuse monster
  F - an uncursed scroll of create monster
  j - a blessed scroll of magic mapping
  i - 3 uncursed scrolls of magic mapping
 Spellbooks  ('+')
  x - an uncursed spellbook of magic missile
 Potions  ('!')
  h - an uncursed potion of extra healing
  B - an uncursed potion of gain energy
  p - an uncursed potion of healing
  C - an uncursed potion of oil
 Wands    ('/')
  v - a wand of cancellation (0:3)
  t - a wand of digging (0:3)
 Tools    ('(')
  G - an empty uncursed bag of holding
  u - a cursed can of grease (0:9)
  m - an uncursed credit card
  l - an expensive camera (0:38)
  w - an uncursed magic whistle
  o - a cursed oil lamp
  k - an uncursed skeleton key
 Gems/Stones  ('*')
  q - 2 uncursed agate stones
  L - an uncursed aquamarine stone
  J - 2 uncursed citrine stones
  D - an uncursed worthless piece of green glass
  N - an uncursed worthless piece of orange glass
  z - an uncursed worthless piece of red glass
  O - an uncursed worthless piece of violet glass
  y - an uncursed touchstone

GdeVolpiano the Tourist's attributes:

Background:
 You were a Sightseer, a level 4 female human Tourist.
 You were neutral, nominally on a mission for The Lady
 who was opposed by Blind Io (lawful) and Offler (chaotic).
 You were right-handed.
 You were in the Gnomish Mines, on level 4.
 You entered the dungeon 1685 turns ago.
 You had 132 experience points, 28 more were needed to attain level 5.

Basics:
 You had 0 out of 35 hit points.
 You had all 20 energy points (spell power).
 Your armor class was 2.
 Your wallet contained 451 zorkmids.
 Autopickup was on for '$?!/="+' plus thrown, with exceptions.

Final Characteristics:
 Your strength was 11 (limit:18/100).
 Your dexterity was 14 (limit:18).
 Your constitution was 13 (limit:18).
 Your intelligence was 13 (limit:18).
 Your wisdom was 9 (limit:18).
 Your charisma was 16 (limit:18).

Final Status:
 You were hungry.
 You were burdened; movement was slightly slowed.
 You were wielding a short sword.
 You were unskilled in short sword.

Final Attributes:
 You were devoutly aligned.
 Your items were somewhat protected from fire.
 Your items were somewhat protected from cold.
 You had a small defense bonus (+2).
 You were protected.
 You are dead.

Miscellaneous:
 You didn't encounter any bones levels.
 Total elapsed playing time was 14 minutes and 3 seconds.

Major events:
 Turn
    1: GdeVolpiano the neutral female human Tourist entered the dungeon
 1350: entered the Gnomish Mines
 1385: attained the rank of Sightseer (level 3)
 1685: killed by a bugbear

You didn't know any spells.

Skills:
 Fighting Skills
   bare handed combat [Unskilled]
   two weapon combat  [Unskilled]
   riding             [Unskilled]
 Weapon Skills
   dagger             [Unskilled]
   knife              [Unskilled]
   axe                [Unskilled]
   pick-axe           [Unskilled]
   short sword        [Unskilled]
   broadsword         [Unskilled]
   long sword         [Unskilled]
   two-handed sword   [Unskilled]
   saber              [Unskilled]
   mace               [Unskilled]
   morning star       [Unskilled]
   flail              [Unskilled]
   hammer             [Unskilled]
   quarterstaff       [Unskilled]
   polearms           [Unskilled]
   spear              [Unskilled]
   trident            [Unskilled]
   lance              [Unskilled]
   bow                [Unskilled]
   sling              [Unskilled]
   crossbow           [Unskilled]
   dart               [Basic]
   shuriken           [Unskilled]
   boomerang          [Unskilled]
   whip               [Unskilled]
   unicorn horn       [Unskilled]
 Spellcasting Skills
   divination spells  [Unskilled]
   enchantment spells [Unskilled]
   escape spells      [Unskilled]

Voluntary challenges:
 Character rerolling was not enabled.
 You were an atheist.
 You never hit with a wielded weapon.
 You never genocided any monsters.
 You never polymorphed an object.
 You never changed form.
 You used no wishes.
Achievements:
 You entered a shop.
 You entered the Gnomish Mines.
 You attained the rank of Sightseer.

 The Dungeons of Doom: levels 1 to 4
    Level 1:
    Level 2:
    Level 3:
       A general store.
       Stairs down to The Gnomish Mines.
    Level 4:
 The Gnomish Mines: levels 4 to 5
    Level 4: <- You were here.
       Final resting place for
          you, killed by a bugbear.
    Level 5:


Vanquished creatures:
  a shrieker
  a gnome leader
  2 dwarves
  a brown mold
  a yellow mold
  9 gnomes
  2 jackals
  a kobold
  2 goblins
  2 sewer rats
  5 grid bugs
  a bat
  a lichen
  4 newts
33 creatures vanquished.

No species were genocided or became extinct.

Game over:
                       ----------
                      /          \
                     /    REST    \
                    /      IN      \
                   /     PEACE      \
                  /                  \
                  |   GdeVolpiano    |
                  |      451 Au      |
                  |   killed by a    |
                  |     bugbear      |
                  |                  |
                  |                  |
                  |       2026       |
                 *|     *  *  *      | *
        _________)/\\_//(\/(/\)/\//\/|_)_______

Aloha GdeVolpiano the Tourist...

You died in The Gnomish Mines on dungeon level 4 with 738 points,
and 451 pieces of gold, after 1685 moves.
You were level 4 with a maximum of 35 hit points when you died.

